 Dungeon Crawl Stone Soup version 0.29-a0-459-g97dee8cd24 (webtiles) character file.

Game seed: 6487159938902631722

3441 ptdevnull the Blocker (level 10, -12/78 (79) HPs)
             Began as a Formicid Fighter on May 20, 2022.
             Was a Follower of Makhleb.
             Killed from afar by a wretched star (37 damage)
             ... with a lance of force
             ... on level 1 of the Abyss on May 21, 2022.
             The game lasted 00:20:52 (9229 turns).

ptdevnull the Blocker (Formicid Fighter)            Turns: 9229, Time: 00:20:52

HP:   -12/78 (79)   AC: 14    Str: 22    XL:     10   Next: 26%
MP:   10/10         EV:  6    Int:  9    God:    Makhleb [*.....]
Gold: 87            SH:  5    Dex: 10    Spells: 9/9 levels left

rFire   . . .      SeeInvis +   A - +0 morningstar
rCold   . . .      Faith    +   c - +0 buckler
rNeg    . . .      Spirit   .   f - +1 plate armour
rPois   .          Reflect  .   (helmet unavailable)
rElec   .          Harm     .   (no cloak)
rCorr   .          Rampage  .   (no gloves)
Will    ++...                   (no boots)
Stlth   ..........              l - amulet of faith
HPRegen 0.23/turn               g - ring of willpower
MPRegen 0.12/turn               (no ring)

@: lightly drained, invisible, unable to read
A: permanent stasis, dig shafts and tunnels, antennae 3, four strong arms, weak
1, no potion heal 1, inability to read while threatened, [deterioration 2]
a: Dig, Shaft Self, Renounce Religion


You were on level 1 of the Abyss.
You worshipped Makhleb.
Makhleb was aware of your devotion.
You visited 2 branches of the dungeon, and saw 8 of its levels.
You visited the Abyss 1 time.
You also visited: Sewer.

You collected 307 gold pieces.
You spent 220 gold pieces at shops.

Inventory:

Hand Weapons
 a - a +0 quarterstaff
 m - the +3 short sword "Nucuusha" {elec, rCorr Str+3 SInv}
   (You found it on level 2 of the Dungeon)

   It occasionally discharges a powerful burst of electricity upon striking a
   foe.
   Str:       It affects your strength (+3).
   SInv:      It lets you see invisible.
   rCorr:     It protects you from acid and corrosion.
 y - a +1 whip of electrocution
 A - a +0 morningstar (weapon)
 C - a +0 demon whip of venom
Missiles
 t - a throwing net
Armour
 b - a +0 scale mail
 c - a +0 buckler (worn)
 f - a +1 plate armour (worn)
Jewellery
 g - a ring of willpower (left hand)
 l - an amulet of faith (around neck)
 x - an amulet of regeneration
Wands
 w - a wand of polymorph (5)
 D - a wand of iceblast (1)
Scrolls
 h - a scroll of brand weapon
 p - 2 scrolls of fear
 r - a scroll of poison
 s - a scroll of torment
 E - a scroll of enchant weapon {unknown}
Potions
 d - 2 potions of cancellation
 i - 5 potions of curing
 j - 4 potions of degeneration
 k - 6 potions of lignification
 n - a potion of flight
 o - 3 potions of mutation
 q - a potion of haste
 v - 3 potions of attraction
 z - a potion of invisibility
 B - 2 potions of brilliance


   Skills:
 - Level 7.2 Fighting
 + Level 7.6(8.6) Maces & Flails
 - Level 6.1(7.9) Staves
 - Level 7.1 Armour
 - Level 8.6 Shields


You had 9 spell levels left.
You didn't know any spells.
Your spell library contained the following spells:

 Spells                   Type           Power      Damage    Failure   Level
 Ensorcelled Hibernation  Hex/Ice        0%         N/A       100%        2
 Passwall                 Tmut/Erth      0%         N/A       100%        2
 Sublimation of Blood     Necr           0%         N/A       100%        2
 Wereblood                Tmut           0%         N/A       100%        2
 Gell's Gravitas          Tloc           0%         N/A       100%        3
 Lesser Beckoning         Tloc           0%         N/A       100%        3
 Teleport Other           Tloc           0%         N/A       100%        3
 Summon Hydra             Summ           0%         N/A       100%        7
 Swiftness                Air            Unusable   N/A       N/A         3

Dungeon Overview and Level Annotations

Branches:
Dungeon (7/15)             Temple (1/1) D:6           Sewer (visited)

Altars:
Cheibriados
Dithmenos
Elyvilon
Fedhas
Makhleb
Trog
Uskayaw
Vehumet
Wu Jian
Zin

Shops:
D:1 ?   D:2 *   D:4 *   D:7 :

Annotations:
D:7 Maggie


Innate Abilities, Weirdness & Mutations

You cannot be hasted, slowed, berserked, paralysed or teleported.
You can dig through walls and to a lower floor.
You have a pair of large antennae on your head. (SInv)
Your four strong arms can wield two-handed weapons with a shield.
You are weak. (Str -2)
Potions are less effective at restoring your health.
You sometimes lose the ability to read scrolls when taking damage.
[Your body often deteriorates upon taking damage.]


Message History

The raiju blinks! x2
The raiju bursts into living lightning!
The living lightning hits the raiju.
The raiju completely resists.
The living lightning hits you!
* * * LOW HITPOINT WARNING * * *
The raiju blinks!
You cannot read scrolls in your current state!
Your system partially rejects the healing.
You feel much better.
A raiju comes into view.
The raiju bites you but does no damage.
Your system partially rejects the healing.
You feel much better.
The raiju bites you but does no damage. x2
It was a potion of ambrosia.
You are confused.
Your system partially rejects the healing.
You feel invigorated.
The raiju bites you but does no damage. x2
Your magical effects are unravelling.
You feel magically purged.
You feel less invigorated.
You feel less confused. The raiju closely misses you.
The raiju barely misses you.
It was a potion of invisibility.
You fade into invisibility!
The raiju bites you but does no damage. The raiju bites you.
The raiju shocks you!
You closely miss the raiju.
The wretched star pulses with an eldritch light!
You feel yourself wasting away.
You feel your body start to fall apart.
The raiju bursts into living lightning!
The living lightning hits you!
The living lightning hits the raiju.
The raiju completely resists.
The living lightning hits the raiju.
The raiju completely resists.
The raiju blinks!
The raiju barely misses you.
Press: ? - help, v - describe, . - travel
Here: a wretched star The floor.
You hit the wretched star.
The wretched star is lightly damaged.
The wretched star glows turbulently.
The lance of force hits you!!!
You die...

### ######.#
...##.## . #.#
##.##..# #.......
## .##
######*##.###....
.. #@#.....# .. .
# # #h# # # ...#
. ##h# ##. .....
#. .#..#. .. ....
#.#...#.#. . #
... #....##.# #.#
. ##..#.##h.. .#
. ##. # .... ..
.... ## ....#


You could see a wretched star and 3 raiju.

Vanquished Creatures
  A thrashing horror (Abyss:1)
  Pikel (D:4)
  Grinder (D:4)
  Sigmund (D:4)
  A neqoxec (Abyss:1)
  3 water moccasins (D:6)
  Duvessa (D:7)
  2 ice beasts
  An ogre (D:5)
  2 lemures (D:4)
  4 bullfrogs
  A necrophage (D:6)
  5 scorpions
  5 wights
  Dowan (D:7)
  5 orc priests
  3 hounds (D:5)
  3 jellies
  4 iguanas
  Jessica (D:3)
  8 orc wizards
  A hell rat (Sewer)
  Robin (D:2)
  15 gnolls
  8 adders
  A river rat (Sewer)
  A white imp (D:6)
  An ufetubus (D:6)
  2 worms (D:2)
  25 orcs
  A bat (D:3)
  5 endoplasms
  4 giant cockroaches
  21 goblins
  12 hobgoblins
  8 kobolds
  6 quokkas
  4 ball pythons
  2 frilled lizards
  10 rats
182 creatures vanquished.

Vanquished Creatures (others)
  A jelly (D:6)
  An iguana (D:6)
  An orc wizard (D:6)
  An adder (D:6)
  2 orcs (D:6)
  2 plants (D:4)
8 creatures vanquished.

Grand Total: 190 creatures vanquished

Notes
Turn   | Place    | Note
-------+----------+-------------------------------------------
     0 | D:1      | ptdevnull the Formicid Fighter began the quest for the Orb.
     0 | D:1      | Reached XP level 1. HP: 18/18 MP: 1/1
   131 | D:1      | Found Boyd Pamur's Magic Scroll Emporium.
   210 | D:1      | Reached XP level 2. HP: 22/24 MP: 2/2
   536 | D:2      | Identified the +3 short sword "Nucuusha" {elec, rCorr Str+3
                  | SInv}
   783 | D:2      | Noticed Robin
   800 | D:2      | Reached XP level 3. HP: 15/29 MP: 3/3
   810 | D:2      | Killed Robin
  1169 | D:2      | Found Usappev's General Store.
  1456 | D:3      | Noticed a scorpion
  1518 | D:3      | Noticed Jessica
  1521 | D:3      | Killed Jessica
  1522 | D:3      | Reached XP level 4. HP: 35/35 MP: 4/4
  1551 | D:3      | Reached XP level 5. HP: 36/41 MP: 5/5
  1654 | D:3      | Reached skill level 5 in Staves
  1828 | D:3      | Found a glowing drain.
  1839 | Sewer    | Entered a sewer
  2243 | D:3      | Reached XP level 6. HP: 44/47 MP: 6/6
  2827 | D:4      | Found Edicw's General Store.
  3056 | D:4      | Noticed Sigmund
  3077 | D:4      | Killed Sigmund
  3078 | D:4      | Reached XP level 7. HP: 45/54 MP: 7/7
  3200 | D:4      | Noticed Grinder
  3224 | D:4      | Killed Grinder
  3225 | D:4      | Reached skill level 5 in Shields
  3771 | D:4      | Reached XP level 8. HP: 61/61 MP: 8/8
  3894 | D:4      | Noticed Pikel
  3930 | D:4      | Killed Pikel
  3931 | D:4      | Reached skill level 5 in Fighting
  3931 | D:4      | Reached skill level 5 in Armour
  3931 | D:4      | Reached skill level 7 in Shields
  4653 | D:5      | Entered Level 5 of the Dungeon
  4919 | D:5      | Reached XP level 9. HP: 66/70 MP: 9/9
  5606 | D:5      | Reached skill level 8 in Shields
  5907 | D:4      | Bought a +0 demon whip of venom for 220 gold pieces
  6342 | D:6      | Reached skill level 1 in Maces & Flails
  6920 | D:6      | Found a staircase to the Ecumenical Temple.
  6929 | Temple   | Entered the Ecumenical Temple
  7148 | Temple   | Became a worshipper of Makhleb the Destroyer
  7469 | D:7      | Found Puloapur's Book Boutique.
  7825 | D:6      | Reached skill level 5 in Maces & Flails
  8073 | D:6      | Reached XP level 10. HP: 54/79 MP: 10/10
  8207 | D:7      | Reached * piety under Makhleb
  8467 | D:7      | Noticed Dowan
  8468 | D:7      | Noticed Duvessa
  8478 | D:7      | Killed Duvessa
  8488 | D:7      | Killed Dowan
  8889 | D:7      | Found a glowing silver altar of Zin.
  9053 | D:7      | Noticed Maggie
  9061 | D:7      | Cast into level 1 of the Abyss (Maggie)
  9140 | Abyss:1  | Noticed a thrashing horror
  9159 | Abyss:1  | Killed a thrashing horror
  9172 | Abyss:1  | Gained mutation: You are weak. (Str -2) [a neqoxec]
  9173 | Abyss:1  | Gained mutation: Potions are less effective at restoring
                  | your health. [a neqoxec]
  9176 | Abyss:1  | Gained mutation: You sometimes lose the ability to read
                  | scrolls when taking damage. [a neqoxec]
  9214 | Abyss:1  | Noticed a wretched star
  9229 | Abyss:1  | Killed from afar by a wretched star

Illustrated notes

Levels and vault maps discovered:
D:1:      eino_arrival_tree_alley, layout_rooms, serial_shops,
          nicolae_shop_competitors_out_of_business, item_on_display_a
D:2:      layout_loops_ring, serial_shops, shop, uniq_robin
D:3:      layout_basic, gup_sewer_entry_pipe, uniq_jessica
D:4:      corexii_shantytown, layout_loops_ring, serial_shops,
          nicolae_stop_n_shop_2, minivault_24, uniq_sigmund, uniq_pikel,
          uniq_grinder
D:5:      layout_rooms, nrook_campfire
D:6:      layout_basic, xom_confusion_cloud, minmay_temple_entry_poolview
D:7:      layout_basic, zin_statuary, general_overflow_altar, serial_shops,
          shop, uniq_menkaure, uniq_maggie, uniq_duvessa
Temple:   compressed_dpeg_triangle_lava_temple
Abyss:1:  base: D:1, base:
D:1

Skill      XL: |  1  2  3  4  5  6  7  8  9 10 |
---------------+-------------------------------+-----
Staves         | 3 4 6 |  6.1
Fighting       | 4 6 7 |  7.2
Armour         | 4 6 7 |  7.1
Shields        | 5 7 8 |  8.6
Maces & Flails | 5 7 |  7.6

Action                   |  1- 3 |  4- 6 |  7- 9 | 10-12 || total
-------------------------+-------+-------+-------+-------++-------
Melee: Quarterstaff      |    56 |   129 |   296 |       ||   481
       Demon whip        |       |       |   135 |    63 ||   198
       Morningstar       |       |       |       |    22 ||    22
  Use: Potion            |     2 |     3 |     1 |     6 ||    12
       Scroll            |     6 |       |     9 |       ||    15
 Stab: Distracted        |       |       |       |     1 ||     1
Armor: Plate armour      |    23 |    62 |   191 |    36 ||   312
Dodge: Dodged            |    16 |    27 |    90 |    15 ||   148
Block: Buckler           |    10 |    15 |   103 |    10 ||   138

Table legend: (Time is in decaauts)
 A = Elapsed time spent in this place.
 B = Non-inter-level travel time spent in this place.
 C = Inter-level travel time spent in this place.
 D = Time resting spent in this place.
 E = Time spent auto-exploring this place.
 F = Levels seen in this place.
 G = Mean time per level.
                   A        B        C        D        E       F      G
               +--------+--------+--------+--------+--------+-----+--------+
         Total |   9246 |   8903 |    343 |   2675 |   4358 |  10 |  924.6 |
       Dungeon |   8544 |   8211 |    333 |   2675 |   3857 |   7 | 1220.6 |
        Temple |    230 |    220 |     10 |      0 |    182 |   1 |  230.0 |
         Abyss |    169 |    169 |      0 |      0 |    103 |   1 |  169.0 |
         Sewer |    302 |    302 |      0 |      0 |    216 |   1 |  302.0 |
               +--------+--------+--------+--------+--------+-----+--------+

Top non-repeatable levels by time:
     D:4: 2122 daAuts
     D:6: 1766 daAuts
     D:5: 1179 daAuts
     D:2: 1057 daAuts
     D:3: 1039 daAuts
     D:7: 927 daAuts
     D:1: 450 daAuts
   Sewer: 302 daAuts
  Temple: 230 daAuts
 Abyss:1: 169 daAuts
